 Dungeon Crawl Stone Soup version 0.29.1-15-g9cfb28693d (webtiles) character file.

Game seed: 4349360610939897287

25847 redmage the Epochal (level 13, -1/102 HPs)
             Began as a Meteoran Earth Elementalist on Sept 13, 2023.
             Was an Elder of Cheibriados.
             Slain by a small abomination (5 damage)
             ... while petrified by a basilisk
             ... on level 5 of the Lair of Beasts.
             The game lasted 00:53:58 (3183 turns).

redmage the Epochal (Meteoran Earth Elementalist)   Turns: 3183, Time: 00:53:59

Health: -1/102     AC: 11    Str: 23    XL:     13   Next: 91%
Magic:  15/38      EV:  2    Int: 39    God:    Cheibriados [****..]
Gold:   474        SH:  0    Dex: 25    Spells: 14/34 levels left

rFire   + + .      SeeInvis .   O - staff of poison
rCold   . . .      Faith    .   (no shield)
rNeg    + + +      Spirit   .   u - +2 ring mail "Punul" {rN+ MP+9 Str-4}
rPois   ∞          Reflect  .   t - +1 hat
rElec   .          Harm     +   (no cloak)
rCorr   .          Rampage  .   z - +0 pair of gloves of the Storm King {Contam Harm rF++ Int+2}
Will    +....                   l - +0 pair of boots
Stlth   +.........              x - amulet of magic regeneration
HPRegen 0.27/turn               y - +6 ring of intelligence
MPRegen 0.66/turn               E - +6 ring of strength

@: petrified, glowing, studying Conjurations, very slow
A: sense surroundings 2, otherworldly, glowing, explore regen
a: Renounce Religion, Bend Time, Temporal Distortion, Slouch


You were on level 5 of the Lair of Beasts.
You worshipped Cheibriados.
Cheibriados was greatly pleased with you.
You visited 3 branches of the dungeon, and saw 17 of its levels.
You also visited: Gauntlet.

You collected 864 gold pieces.
You spent 390 gold pieces at shops.

Inventory:

Hand Weapons
 a - a +4 battleaxe of freezing
 p - a +0 scimitar of flaming
Missiles
 d - a throwing net
 C - 7 javelins
 I - 4 curare-tipped darts
Armour
 l - a +0 pair of boots (worn)
 t - a +1 hat (worn)
 u - the +2 ring mail "Punul" (worn) {rN+ MP+9 Str-4}
   (You found it on level 9 of the Dungeon)

   Str:       It affects your strength (-4).
   rN:        It protects you from negative energy.
   MP:        It affects your magic capacity (+9).
 z - the +0 pair of gloves of the Storm King (worn) {Contam Harm rF++ Int+2}
   (You acquired it on level 1 of the Lair of Beasts)

   Int:       It affects your intelligence (+2).
   rF:        It greatly protects you from fire.
   Contam:    It causes magical contamination when unequipped.
   Harm:      It increases damage dealt and taken.
 B - the +1 cloak "Elaiq" {Fly rC- rN+}
   (You found it in a Gauntlet)

   rC:        It makes you vulnerable to cold.
   rN:        It protects you from negative energy.
   Fly:       It grants you flight.
 F - a +2 robe of fire resistance
 J - a +1 robe of cold resistance
Magical Staves
 j - a staff of air
 o - a staff of death
 H - a staff of fire
 K - a staff of cold
 O - a staff of poison (weapon)
Jewellery
 x - an amulet of magic regeneration (around neck)
 y - a +6 ring of intelligence (left hand)
 E - a +6 ring of strength (right hand)
Wands
 h - a wand of polymorph (3)
 m - a wand of paralysis (18)
 q - a wand of mindburst (9)
 D - a wand of roots (6)
Scrolls
 g - a scroll of fear {unknown}
 n - 2 scrolls of amnesia
 s - 3 scrolls of teleportation
 A - a scroll of blinking {unknown}
 L - a scroll of magic mapping
 N - a scroll of poison
Potions
 b - a potion of magic
 c - 6 potions of curing
 e - 3 potions of might
 f - 3 potions of haste
 i - a potion of heal wounds
 k - 2 potions of resistance
 r - a potion of brilliance
 v - a potion of mutation
 M - a potion of flight


   Skills:
 + Level 5.8 Fighting
 - Level 6.0 Armour
 + Level 7.0 Dodging
 - Level 1.4 Stealth
 + Level 11.3 Spellcasting
 - Level 5.0 Conjurations
 - Level 10.0 Summonings
 - Level 6.0 Translocations
 - Level 1.2 Transmutations
 - Level 5.0 Ice Magic
 - Level 10.8 Earth Magic
 - Level 12.1 Invocations
 - Level 6.0 Evocations


You had 14 spell levels left.
You knew the following spells:

 Your Spells              Type           Power      Damage    Failure   Level
a - Sandblast             Erth           100%       2d20      1%          1
b - Passwall              Tmut/Erth      51%        N/A       1%          2
c - Stone Arrow           Conj/Erth      100%       3d13      1%          3
d - Frozen Ramparts       Ice            100%       1d16      1%          3
e - Summon Cactus Giant   Summ           39%        N/A       6%          6
f - Summon Forest         Summ/Tloc      35%        N/A       2%          5

Your spell library contained the following spells:

 Spells                   Type           Power      Damage    Failure   Level
 Freeze                   Ice            100%       1d11      1%          1
 Petrify                  Tmut/Erth      62%        N/A       1%          4
 Hailstorm                Conj/Ice       57%        3d12      3%          4
 Summon Mana Viper        Hex/Summ       57%        N/A       9%          5


Dungeon Overview and Level Annotations

Branches:
Dungeon (11/15) Zot: 6951  Temple (1/1) D:5 Zot: 786    Lair (5/5) D:9 Zot: 3068
  Slime (0/5) Lair:5      Gauntlet (visited)
  Swamp: Lair:2-3    Shoals: Lair:2-3     Snake: Lair:2-3    Spider: Lair:2-3
    Orc: D:9-12

Altars:
Ashenzari
Cheibriados
Dithmenos
Elyvilon
Fedhas
Gozag
Hepliaklqana
Makhleb
Nemelex Xobeh
Okawaru
Qazlal
Ru
Trog
Uskayaw
Vehumet
Wu Jian
Xom
Yredelemnul
The Shining One

Shops:
D:7 =   D:8 [


Innate Abilities, Weirdness & Mutations

You passively map the area around you.
You are easily found by Zot.
You glow in the dark.
You regain HP and MP as you explore.


Message History

You see here a water moccasin corpse.
The blink frog blinks!
Your cactus giant hits the blink frog with a +0 giant spiked club!!
Casting: Summon Cactus Giant (dangerous; 6% risk of failure)
Confirm with . or Enter, or press ? or * to list all spells.
Aiming: Sandblast (safe; 1% risk of failure)
Press: ? - help, Shift-Dir - straight line, f - blink frog
Aim: a blink frog (heavily wounded, not watching you, ally target, 74% to hit)
The blast of sand hits the blink frog!!
You kill the blink frog!
Cheibriados appreciates the change of pace.
Your Dodging skill increases to level 7!
The basilisk gazes at you.
You are slowing down.
Your limbs are stiffening.
You see here a blink frog corpse.
Unknown command.
Casting: Sandblast (safe; 1% risk of failure)
Confirm with . or Enter, or press ? or * to list all spells.
Aiming: Stone Arrow (safe; 1% risk of failure)
Press: ? - help, Shift-Dir - straight line, f - basilisk
Aim: a basilisk (ally target, 72% to hit)
The stone arrow misses the basilisk.
The basilisk is struck by your cactus giant's spines.
The basilisk bites your cactus giant.
Your cactus giant hits the basilisk with a +0 giant spiked club!
The basilisk dies!
Cheibriados thoroughly appreciates the change of pace.
You have turned to stone.
A small abomination comes into view.
The small abomination hits you!
* * * LOW HITPOINT WARNING * * *
The small abomination hits you but does no damage.
The small abomination hits you!
* * * LOW HITPOINT WARNING * * *
The small abomination hits you.
* * * LOW HITPOINT WARNING * * *
Your cactus giant barely misses the small abomination.
The small abomination hits you!
You die...

......# ** * *
..♣ ......#
*.. ♣...♣
..#P##.# .. ,
* ...♣ .##♣#
###♣ ♣.* ..♣
...♣ #..♣ ♣.♣♣
*♣..♣♣
†..♣♣♣..♣*
..♣♣♣†...♣
♣....#..♣
*♣.♣♣.....♣ ,
........♣
♣.♣†..♣♣..♣
........♣
♣..@C♣♣ ,
........♣
♣..x♣♣
........♣
♣..♣♣ , *
#.(.....♣
♣..♣♣♣♣ , ,
.....#.♣♣
♣.....♣ *
.......♣
♣♣....♣♣ .♣
.......♣♣♣
♣.♣...♣♣ , .♣♣
.........♣♣
♣♣♣♣...♣* .♣.♣
#.####....♣♣♣♣
♣...♣*♣...*


You could see a small abomination (ally target) and a friendly cactus giant
(summoned).

Vanquished Creatures
  A minotaur (Gauntlet)
  Fannar (Lair:3)
  Erica (D:9)
  2 hydras
  A soul eater (Gauntlet)
  An obsidian statue (Gauntlet)
  2 nameless horrors (Lair:4)
  A black mamba (Lair:4)
  An elephant (Lair:4)
  A smoke demon (Gauntlet)
  A gargoyle (D:10)
  3 cane toads
  2 komodo dragons
  A red devil (Gauntlet)
  A troll (D:10)
  26 blink frogs
  6 dream sheep (Lair:2)
  5 jumping spiders (Lair:3)
  A culicivora (shapeshifter) (D:9)
  A wyvern (D:9)
  A culicivora (Lair:3)
  11 yaks
  2 small abominations (Lair:5)
  A steam dragon (D:8)
  2 basilisks (Lair:5)
  A redback (Lair:3)
  3 acid dragons
  9 water moccasins
  3 ice beasts
  2 orc warriors
  A sky beast (D:7)
  A black bear (D:6)
  10 wolves (Lair:3)
  A centaur (D:10)
  A phantom (D:7)
  A kobold brigand (D:5)
  A scorpion (D:7)
  7 bullfrogs
  2 gnoll sergeants
  4 wights (D:9)
  10 killer bees
  An electric eel (Lair:5)
  3 crimson imps (Gauntlet)
  A hound (D:6)
  5 orc priests
  5 iguanas
  4 orc wizards
  11 gnolls
  8 adders
  2 shadow imps (Gauntlet)
  A white imp (D:7)
  26 orcs
  2 endoplasms
  A giant cockroach (D:1)
  5 goblins
  A hobgoblin (D:4)
  2 bats
  A frilled lizard (D:3)
  9 kobolds
  2 rats
223 creatures vanquished.

Vanquished Creatures (collateral kills)
  A large abomination (Lair:5)
  3 elephants (Lair:4)
  2 black mambas
  A smoke demon (Lair:5)
  A cane toad (Lair:5)
  A blink frog (Lair:5)
  3 basilisks
  5 yaks
  A bullfrog (Lair:4)
  2 small abominations (Lair:5)
20 creatures vanquished.

Vanquished Creatures (others)
  5 fungi
  35 plants
  A snaplasher vine (Lair:4)
41 creatures vanquished.

Grand Total: 284 creatures vanquished

Notes
Turn   | Place    | Note
-------+----------+-------------------------------------------
     0 | D:1      | redmage the Meteoran Earth Elementalist began the quest for
                  | the Orb.
     0 | D:1      | Reached XP level 1. HP: 14/14 MP: 5/5
    18 | D:1      | Reached XP level 2. HP: 20/20 MP: 2/7
    24 | D:1      | Learned a level 2 spell: Passwall
   149 | D:2      | Reached XP level 3. HP: 21/26 MP: 3/9
   153 | D:2      | Learned a level 3 spell: Stone Arrow
   214 | D:4      | Reached skill level 1 in Conjurations
   214 | D:4      | Reached XP level 4. HP: 33/33 MP: 5/10
   243 | D:5      | Entered Level 5 of the Dungeon
   321 | D:6      | Reached skill level 5 in Earth Magic
   321 | D:6      | Reached XP level 5. HP: 18/38 MP: 6/12
   359 | D:6      | Found a glowing golden altar of the Shining One.
   382 | D:7      | Noticed a phantom
   507 | D:6      | Reached XP level 6. HP: 44/45 MP: 13/13
   565 | D:7      | Noticed an ice beast
   604 | D:7      | Noticed an orc warrior
   618 | D:7      | Reached skill level 5 in Spellcasting
   656 | D:6      | Reached XP level 7. HP: 20/50 MP: 1/15
   825 | D:5      | Found a staircase to the Ecumenical Temple.
   834 | Temple   | Entered the Ecumenical Temple
   902 | Temple   | Became a worshipper of Cheibriados the Contemplative
   995 | D:6      | Reached XP level 8. HP: 57/57 MP: 10/18
  1026 | D:7      | Reached skill level 5 in Conjurations
  1027 | D:7      | Identified the +6 falchion of Huuluug {speed, Str+4 Dex+7
                  | Stlth-}
  1115 | D:7      | Reached * piety under Cheibriados
  1132 | D:7      | Found Lofisch's Jewellery Shoppe.
  1142 | D:7      | Gained mutation: You passively map the area around you.
                  | [Meteoran growth]
  1142 | D:7      | Reached XP level 9. HP: 62/62 MP: 16/22
  1199 | D:8      | Found Juumanal's Antique Armour Shop.
  1345 | D:9      | Noticed Erica
  1349 | D:9      | Killed Erica
  1350 | D:9      | Reached skill level 10 in Spellcasting
  1350 | D:9      | Reached skill level 10 in Earth Magic
  1350 | D:9      | Reached XP level 10. HP: 55/69 MP: 12/25
  1354 | D:9      | Identified the +1 chain mail "Maec" {rF- rC++ Will++}
  1408 | D:9      | Identified the +2 ring mail "Punul" {rN+ MP+9 Str-4}
  1426 | D:9      | Reached skill level 1 in Armour
  1426 | D:9      | Reached skill level 1 in Invocations
  1455 | D:9      | Reached skill level 2 in Invocations
  1458 | D:9      | Reached ** piety under Cheibriados
  1509 | D:9      | Learned a level 3 spell: Frozen Ramparts
  1519 | D:9      | Found a staircase to the Lair.
  1556 | D:9      | Reached skill level 1 in Ice Magic
  1563 | D:10     | Entered Level 10 of the Dungeon
  1592 | D:10     | Reached skill level 3 in Invocations
  1888 | D:10     | Noticed a four-headed hydra
  1919 | D:10     | Noticed a gargoyle
  1923 | D:10     | Killed a gargoyle
  1924 | D:10     | Reached skill level 4 in Invocations
  2036 | D:7      | Bought an amulet of magic regeneration for 390 gold pieces
  2091 | D:8      | Reached skill level 5 in Ice Magic
  2092 | D:8      | Reached *** piety under Cheibriados
  2093 | D:8      | Reached skill level 5 in Invocations
  2093 | D:8      | Reached XP level 11. HP: 61/74 MP: 26/26
  2094 | D:8      | Reached skill level 5 in Armour
  2098 | D:8      | Reached skill level 6 in Invocations
  2111 | Lair:1   | Entered Level 1 of the Lair of Beasts
  2118 | Lair:1   | Reached skill level 7 in Invocations
  2135 | Lair:1   | Noticed a seven-headed hydra
  2147 | Lair:1   | Killed a seven-headed hydra
  2148 | Lair:1   | Reached skill level 9 in Invocations
  2152 | Lair:1   | Reached skill level 10 in Invocations
  2179 | Lair:1   | Identified a scroll of acquirement
  2179 | Lair:1   | Acquired the +0 pair of gloves of the Storm King {Contam
                  | Harm rF++ Int+2}
  2205 | Lair:2   | Noticed a five-headed hydra
  2213 | Lair:2   | Killed a five-headed hydra
  2214 | Lair:2   | Reached skill level 11 in Invocations
  2220 | Lair:2   | Reached skill level 12 in Invocations
  2268 | Lair:3   | Reached skill level 1 in Evocations
  2269 | Lair:3   | Reached XP level 12. HP: 81/81 MP: 27/27
  2270 | Lair:3   | Reached **** piety under Cheibriados
  2276 | Lair:3   | Reached skill level 5 in Evocations
  2308 | Lair:3   | Reached skill level 1 in Fighting
  2377 | Lair:3   | Reached skill level 5 in Dodging
  2478 | Lair:3   | Found a gate leading to a gauntlet.
  2487 | Gauntlet | Entered a Gauntlet
  2487 | Gauntlet | Found a transporter.
  2494 | Gauntlet | Reached skill level 5 in Fighting
  2495 | Gauntlet | Found a transporter.
  2516 | Gauntlet | Learned a level 6 spell: Summon Cactus Giant
  2522 | Gauntlet | Learned a level 5 spell: Summon Forest
  2526 | Gauntlet | Found a transporter.
  2532 | Gauntlet | Found a transporter.
  2540 | Gauntlet | Found a transporter.
  2543 | Gauntlet | Noticed a soul eater
  2552 | Gauntlet | Killed a soul eater
  2555 | Gauntlet | Found a transporter.
  2556 | Gauntlet | Reached ***** piety under Cheibriados
  2557 | Gauntlet | Found a transporter.
  2561 | Gauntlet | Noticed a death scarab
  2563 | Gauntlet | Noticed a death scarab
  2568 | Gauntlet | Noticed an obsidian statue
  2571 | Gauntlet | Found a transporter.
  2576 | Gauntlet | Noticed a soul eater
  2576 | Gauntlet | Noticed a sun demon
  2585 | Gauntlet | Killed an obsidian statue
  2591 | Gauntlet | Identified the +1 cloak "Elaiq" {Fly rC- rN+}
  2593 | Gauntlet | Found a transporter.
  2603 | Gauntlet | Noticed a minotaur
  2617 | Gauntlet | Killed a minotaur
  2618 | Gauntlet | Reached XP level 13. HP: 23/100 MP: 16/29
  2626 | Gauntlet | Identified the +0 plate armour of Action {Drain Fly rF+
                  | Will+}
  2626 | Gauntlet | Identified the +1 robe "Moutiut" {Contam Int+8}
  2663 | Lair:3   | Reached skill level 5 in Summonings
  2677 | Lair:3   | Noticed Sonja
  2678 | Lair:3   | Noticed Sonja
  2678 | Lair:3   | Sonja changed into Sonja the acid dragon
  2683 | Lair:3   | Killed Sonja the acid dragon
  2690 | Lair:3   | Noticed Fannar
  2697 | Lair:3   | Killed Fannar
  2845 | Lair:4   | Reached skill level 1 in Translocations
  2955 | Lair:5   | Entered Level 5 of the Lair of Beasts
  3089 | Lair:5   | Reached skill level 5 in Translocations
  3139 | Lair:5   | Reached skill level 10 in Summonings
  3182 | Lair:5   | HP: 4/102 [small abomination (3)]
  3183 | Lair:5   | Slain by a small abomination

Illustrated notes

Levels and vault maps discovered:
D:1:      dpeg_arrival_tiny_h, layout_basic
D:2:      layout_loops_ring, shapermc_ecumenical_altar_acropolis,
          serial_bayou_lagoon_a
D:3:      layout_rooms, hellmonk_ghost_happy_afterlife, minmay_misc_feat_room,
          minmay_tree_intersection, minmay_misc_feat_rows, minmay_misc_feat_chi,
          grunt_decor_resistance
D:4:      layout_cave_pools, zin_scriptorium, serial_shops, shop_statue
D:5:      layout_cave_pods, minmay_temple_entry_waves, kennysheep_nub,
          guppyfry_early_lair_pool
D:6:      layout_loops_cross, overflow_temple_1_default, serial_shops,
          shop_coins
D:7:      layout_cave_pools, lightli_bailey_entry_fortress, serial_shops,
          shop_fountains
D:8:      layout_basic, minmay_shop_grid_forest
D:9:      layout_roguey, lemuel_mausoleum_altar_kikubaaqudgha,
          dpeg_oklobed_lair, hex_medium, uniq_erica
D:10:     minmay_goldmine, layout_grid_maze, nicolae_overflow_hidden_temple,
          hellmonk_guarded_unrand_vines, uniq_urug
D:11:     layout_stronghold, orc_0_dummy, serial_shops, shop, uniq_grum
Temple:   mainiacjoe_temple_coin_purse
Lair:1:   layout_chaotic_city, infiniplex_staircase_pool_2
Lair:2:   layout_chaotic_city, swamp_mist, serial_bayou_shore_a
Lair:3:   wander_river, layout_gridlike, nicolae_spider_entry_tight_spaces,
          gauntlet_entry_generic, uniq_sonja, uniq_fannar
Lair:4:   layout_cave_pods, roderic_batcave, serial_bayou_pond_a,
          serial_bayou_pond_e, grunt_megastairs_1
Lair:5:   hellmonk_lair_end_abyssal_woods, layout_gridlike, slime_entry_1,
          serial_bayou_shore_b, serial_bayou_shore_b

Skill      XL: |  1  2  3  4  5  6  7  8  9 10 11 12 13 |
---------------+----------------------------------------+-----
Spellcasting   | 3 4 5 6 8 10 11 | 11.3
Earth Magic    | 4 5 6 8 10 | 10.8
Conjurations   | 1 2 3 4 5 |  5.0
Armour         | 4 6 |  6.0
Invocations    | 5 12 | 12.1
Ice Magic      | 5 |  5.0
Evocations     | 2 6 |  6.0
Fighting       | 5 |  5.8
Dodging        | 6 7 |  7.0
Summonings     | 4 10 | 10.0
Translocations | 6 |  6.0
Stealth        | |  1.4
Transmutations | |  1.2

Action                   |  1- 3 |  4- 6 |  7- 9 | 10-12 | 13-15 || total
-------------------------+-------+-------+-------+-------+-------++-------
Melee: Unarmed           |       |     2 |       |       |       ||     2
 Cast: Sandblast         |    24 |    41 |    72 |    72 |    26 ||   235
       Stone Arrow       |       |     4 |    28 |    76 |    48 ||   156
       Passwall          |       |       |       |    14 |     1 ||    15
       Frozen Ramparts   |       |       |       |    12 |     8 ||    20
       Summon Forest     |       |       |       |       |     7 ||     7
       Summon Cactus Gia |       |       |       |       |     7 ||     7
Invok: Slouch            |       |       |       |     4 |       ||     4
       Bend Time         |       |       |       |     1 |       ||     1
       Step From Time    |       |       |       |       |     1 ||     1
Evoke: Wand              |       |       |     9 |     1 |     1 ||    11
  Use: Scroll            |       |     7 |     8 |     5 |     1 ||    21
       Potion            |       |       |       |     3 |     1 ||     4
Armor: Robe              |     1 |     7 |    17 |       |       ||    25
       Ring mail         |       |       |       |    60 |    24 ||    84
Dodge: Dodged            |     8 |    13 |    30 |    62 |    30 ||   143
